← All builds
Air / Cortex / Economy first / OBSERVED BUILD

Standard air

Cortex Air build order · Supreme Isthmus

The role's baseline: Aircraft Plant immediately, transports and scouts for the team first, Advanced Metal Extractor and Fusion Reactor on a normal timeline, transitioning into Valiant fighter coverage over the game.

Usually transports first (72%)

#eco #team support #air · 598 distinct matches · 119 players · 79% of Cortex Air games · team won 47% of 671 · Recently observed

HOW TO PLAY IT

Key timing: Aircraft Plant by 1:23

  1. Take 3 mex and open straight into Aircraft Plant.
  2. Finish Aircraft Plant, start pumping Valiant for escort duty.
  3. Get T2 constructor going to scale eco alongside air production.
  4. Add Advanced Metal Extractor to keep pace with team's economy.
  5. Bring Fusion Reactor online, keep making Hercules and Finch for allies.

Phase by phase

TYPICAL OF ITS 598 GAMES
  1. 1
  2. 2
  3. 3
PLAY THE OPENING

Follow the example game's first 6:00 step by step: what to build now, what comes next, and where it goes. At 1× it keeps pace with your own game.

  1. 1

    Up to the Aircraft Plant

    Economy
    • Metal Extractor3Mex
    • Wind Turbine4Wind
    Order
    1. Aircraft PlantAircraft Plant after 3 mex, 4 winddone ~1:24, middle half 1:13–1:35

    Some games also: energy storage (39%)

    By 1:03 in all: 3 mex · 4 wind

    The example game in this phase · 5 steps
    1. Mex ×3
    2. Wind ×4
    3. Energy storage
    4. Wind
    5. Aircraft PlantAircraft Plantdone 1:33 · typical 1:24
  2. 2

    Aircraft Plant to 5:00

    Economy
    • Metal Extractor1Mex
    • Wind Turbine9Wind
    • Wind Turbine3Wind
    Builders
    • Construction Turret2 Con turret
    • Construction Aircraft1 Con aircraft
    Army
    • Valiant5 Valiant
    • Finch2 Finch for allies
    • Hercules2 Light transport for allies
    • Hephaestus1 Heavy transport for allies
    • Shuriken1 Shuriken

    Some games also: energy storage (45%) · light transport (44%) · converter (39%) · con turret (33%)

    By 5:00 in all: 3 mex · 1 mex · 13 wind · 3 wind · 1 energy storage · 2 con turret

    The example game in this phase · 24 steps
    1. ShurikenShuriken
    2. HerculesLight transportfor unknown
    3. FinchFinch ×2for unknown
    4. FinchFinch ×2
    5. Construction AircraftCon aircraft
    6. ShurikenShuriken ×3
    7. Construction AircraftCon aircraft
    8. ValiantValiant
    9. Con turret
    10. ValiantValiant
    11. Mex
    12. ValiantValiant ×2
    13. HerculesLight transportfor Tech
    14. Wind
    15. ValiantValiant ×2
    16. Wind ×2
    17. ValiantValiant
    18. Wind ×2
    19. ValiantValiant
    20. Wind
    21. ShurikenShuriken ×2
    22. Wind
    23. ShurikenShuriken ×2
    24. Wind
  3. 3

    5:00 to 10:00

    Economy
    • Wind Turbine20Wind
    • Wind Turbine4Wind
    • Energy Converter6Converter
    Order
    1. Aircraft PlantAircraft Plant after 18 wind, 17 wind, 6 converterin 58% of games
    Builders
    • Construction Turret4 Con turret
    Army
    • Valiant9 Valiant
    • Shuriken1 Shuriken

    Some games also: con aircraft (35%) · fusion (35%) · light transport (31%)

    By 10:00 in all: 3 mex · 1 mex · 24 wind · 20 wind · 8 converter · 1 energy storage

    The example game in this phase · 95 steps
    1. ShurikenShuriken ×5
    2. Wind
    3. ShurikenShuriken
    4. Wind ×2
    5. Advanced Metal ExtractorT2 mexdone 6:19 · typical 6:48
    6. Wind ×3
    7. HerculesLight transportfor Pond
    8. Wind ×4
    9. ValiantValiant
    10. Wind
    11. ValiantValiant
    12. Wind
    13. ValiantValiant
    14. Wind
    15. ValiantValiant ×2
    16. Wind ×2
    17. ValiantValiant ×4
    18. Wind
    19. ValiantValiant
    20. ShurikenShuriken ×2
    21. Wind
    22. Con turret
    23. ShurikenShuriken ×2
    24. HerculesLight transport
    25. Wind ×3
    26. Advanced Metal ExtractorT2 mex
    27. Wind
    28. Advanced Metal ExtractorT2 mex
    29. Wind ×3
    30. Con turret
    31. Wind
    32. Con turret
    33. Wind
    34. HephaestusHeavy transport
    35. Advanced Metal ExtractorT2 mex
    36. Wind
    37. ShurikenShuriken ×6
    38. Wind
    39. ShurikenShuriken ×3
    40. Wind
    41. Construction AircraftCon aircraft
    42. Con turret
    43. ValiantValiant ×3
    44. Wind
    45. Fusion ReactorFusiondone 11:45 · typical 10:55
    46. ValiantValiant
    47. Wind ×5
    48. ValiantValiant ×3
    49. Wind
    50. ValiantValiant ×2
    51. Wind
    52. ValiantValiant ×4
    53. ShurikenShuriken ×7
    54. Con turret
    55. ShurikenShuriken
    56. Con turret ×3
    57. ShurikenShuriken
    58. Con turret ×2
    59. ShurikenShuriken
    60. Con turret ×2
    61. ValiantValiant
    62. Con turret
    63. ValiantValiant ×5
    64. Converter
    65. ValiantValiant
    66. Converter
    67. ValiantValiant
    68. Converter
    69. ValiantValiant ×2
    70. Converter
    71. ValiantValiant ×2
    72. Converter
    73. ValiantValiant ×2
    74. Converter
    75. ValiantValiant
    76. Converter
    77. ValiantValiant
    78. Converter
    79. ValiantValiant
    80. Converter
    81. ValiantValiant
    82. Converter
    83. ValiantValiant
    84. Converter
    85. ValiantValiant ×2
    86. Converter
    87. ValiantValiant ×11
    88. Converter
    89. Bot LabBot Labdone 14:14
    90. Construction BotCon bot
    91. Vehicle PlantVehicle Plantdone 14:20
    92. Converter
    93. Construction VehicleCon vehicle
    94. Converter ×5
    95. Advanced Vehicle PlantAdvanced Vehicle Plantnot finished by 15:00

Counts are medians over the build's games: half of them build more, half fewer. The example game is [Grump]_Doni's (52 OS, 03/10/2026); pick another.

Team trades

IN AT LEAST 30% OF ITS GAMES

You hand over

  • Finch2 Finch to Geo sea or Beach seafirst at 1:51 · in 96% of games
  • Hercules3 Light transport to Tech or Geo sea or Beach seafirst at 2:06 · in 99% of games
  • Hephaestus1 Heavy transport to Beach sea or Pond or Techfirst at 2:25 · in 74% of games

You get

  • Wind Turbine3 Wind from Beach sea or Geo seafirst at 1:39 · in 65% of games
  • Wind Turbine3 Wind from Beach sea or Geo sea or Pondfirst at 1:44 · in 49% of games
  • Construction Bot1 Con bot from Techfirst at 2:20 · in 85% of games
  • Advanced Construction Bot1 T2 con bot from Techfirst at 6:03 · in 94% of games

How it plays out

Typical game of this build, running totals by minute

Metal produced

010k20k30k
0:005:0010:0015:00

metal

Enemy metal destroyed

01k2k3k
0:005:0010:0015:00

metal

Own metal lost

01k2k3k
0:005:0010:0015:00

metal

671 games.

Show as table
ByMetal produced: This buildEnemy metal destroyed: This buildOwn metal lost: This build
1:0039300
2:0092500
3:00145900
4:002054051
5:00276673116
6:003772125167
7:005147190224
8:007026240292
9:009354263343
10:0011850338467
11:0014411439631
12:0017116585949
13:00199489191276
14:002269914241819
15:002558820892709
WHAT THE NUMBERS SAY

This is the role's standard support job, winning less than half its games while producing little combat impact but reliably feeding transports and scouts to teammates.

  • + Reaches Aircraft Plant almost immediately (1:23), fast T2 constructor by 5:58.
  • + Keeps own losses low (2789 by 15:00) versus other roles.
  • − Destroys only 2027 enemy metal by 15:00, minimal combat contribution.
  • − Fusion Reactor only completes in 57% of games, some games stall on eco.
THE EXAMPLE YOU ARE READING

[Grump]_Doni

51.5 OS · 03/10/2026

Open source match ↗

4 received units · includes a constructor
616 metal received · 74521 energy received

Allied construction assistance is unknown. Timings are observations, not a promise of solo reproducibility.

Typical milestones

Aircraft Plant1:24Middle 50%: 1:13–1:35 · n=671
Advanced Metal Extractor6:48Middle 50%: 6:22–7:25 · n=645
Fusion Reactor10:55Middle 50%: 9:53–12:11 · n=413

Played most by

DRM39games of this buildAdeus33games of this buildTheGeneraI32games of this buildImmort28games of this buildNutzz28games of this build